 Dungeon Crawl Stone Soup version 0.27.1-34-g3ba077fa99 (webtiles) character file.

Game seed: 17120734791721616715

15 lonewolfV2 the Cudgeller (level 2, -12/22 HPs)
             Began as a Demonspawn Gladiator on Jan 5, 2022.
             Killed by an exploding rat (25 damage)
             ... ignited by their inner flame
             ... on level 1 of the Dungeon.
             The game lasted 00:01:19 (381 turns).

lonewolfV2 the Cudgeller (Demonspawn Gladiator)      Turns: 381, Time: 00:01:19

Health: -12/22     AC: 10    Str: 14    XL:     2   Next: 34%
Magic:  2/2        EV: 12    Int:  9    God:
Gold:   0          SH:  0    Dex: 14    Spells: 1/1 levels left

rFire    . . .     SeeInvis .   a - +0 flail (drain)
rCold    . . .     Faith    +   (no shield)
rNeg     . . .     Spirit   .   b - +0 leather armour
rPois    .         Reflect  .   c - +0 helmet
rElec    .         Harm     .   (no cloak)
rCorr    .         Rampage  .   (no gloves)
Will     .....                  (no boots)
Stlth    +.........             g - amulet of faith
HPRegen  0.07/turn              (no ring)
MPRegen  0.08/turn              (no ring)

@: sanguine armoured
A: sanguine armour 1
a: no special abilities


You were on level 1 of the Dungeon.
You visited 1 branch of the dungeon, and saw 1 of its levels.

Inventory:

Hand Weapons
 a - a +0 flail of draining (weapon)
Missiles
 d - 3 throwing nets (quivered)
Armour
 b - a +0 leather armour (worn)
 c - a +0 helmet (worn)
Jewellery
 g - an amulet of faith (around neck)
Scrolls
 e - 2 scrolls of noise
 f - a scroll of brand weapon


   Skills:
 + Level 2.2 Fighting
 + Level 3.0 Maces & Flails
 + Level 1.9 Throwing
 + Level 2.9 Dodging


You had one spell level left.
You didn't know any spells.
Your spell library was empty.

Dungeon Overview and Level Annotations

Branches:
Dungeon (1/15)

Altars:


Innate Abilities, Weirdness & Mutations

When seriously injured, your bleeding wounds create armour. (AC +6)


Message History

You hit the hobgoblin. You drain the hobgoblin.
You kill the hobgoblin!
You see here a hobgoblin corpse.
A quokka comes into view.
The quokka moves out of view.
You see here a hobgoblin corpse.
You closely miss the goblin. The goblin hits you with a +0 club.
You sock the goblin!
You kill the goblin!
You see here a +0 club.
You see here a hobgoblin corpse.
You see here a scroll labelled ZEGHOR JUAGG.
i - a scroll labelled ZEGHOR JUAGG The quokka bites you but does no damage.
The quokka barely misses you.
You hit the quokka. You drain the quokka.
The quokka is almost dead.
The quokka barely misses you.
You thump the quokka!
You kill the quokka!
Found a scroll labelled JORAQA PESK.
j - a scroll labelled JORAQA PESK A rat comes into view.
A rat is nearby!
A rat is nearby!
As you read the scroll labelled CASTREXZ BIUCS, it crumbles to dust.
Your body is wracked with pain!
Your blood congeals into armour.
It was a scroll of torment.
As you read the scroll labelled ZEGHOR JUAGG, it crumbles to dust.
The creatures around you are filled with an inner flame!
It was a scroll of immolation.
As you read the scroll labelled JORAQA PESK, it crumbles to dust.
You feel aware of your surroundings.
It was a scroll of magic mapping.
Found a stone staircase leading down.
The rat misses you. The rat bites you but does no damage.
You sock the rat!
The rat explodes!
The fiery explosion engulfs you!!
Ouch! That really hurt!
You die...

,,,,* **,,,,,,**
,,,** *#........##
**** *>.........#
* *..........# *
*..........# *
*..........# #
*...^......# #
*#....§§§.#* #
##.....§@.## #
#.....§§§..# #
#..........#
#..........#
#..........# ###
#..........# ..###
###.........##
#...#
#...#......##
**#.###.#*#..#####


There were no monsters in sight!

Vanquished Creatures
  A dart slug (D:1)
  A giant cockroach (D:1)
  A goblin (D:1)
  2 hobgoblins (D:1)
  3 quokkas (D:1)
  A bat (D:1)
  2 frilled lizards (D:1)
  A kobold (D:1)
  A rat (D:1)
13 creatures vanquished.

Notes
Turn   | Place    | Note
-------+----------+-------------------------------------------
     0 | D:1      | lonewolfV2 the Demonspawn Gladiator began the quest for the
                  | Orb.
     0 | D:1      | Reached XP level 1. HP: 16/16 MP: 1/1
   167 | D:1      | Gained mutation: When seriously injured, your bleeding
                  | wounds create armour. (AC +6) [demonic ancestry]
   167 | D:1      | Reached XP level 2. HP: 17/22 MP: 2/2
   246 | D:1      | Reached skill level 3 in Maces & Flails
   381 | D:1      | Killed by an exploding rat... ignited by their inner flame

Illustrated notes

Levels and vault maps discovered:
D:1:      mainiacjoe_arrival_reflecting_pool, layout_rooms, minmay_fountain_box

Skill      XL: |  1  2 |
---------------+-------+-----
Maces & Flails | 3 |  3.0
Fighting       | |  2.2
Throwing       | |  1.9
Dodging        | |  2.9

Action                   || total
-------------------------++-------
Melee: Flail             ||    20
  Use: Scroll            ||     5
 Stab: Sleeping          ||     1
Armor: Leather armour    ||    12
Dodge: Dodged            ||    14
